 Dungeon Crawl Stone Soup version 0.20.1-1-g8b1a95d (webtiles) character file.

233 Megalobster the Chopper (level 5, -6/49 HPs)
             Began as a Deep Dwarf Fighter on Aug 1, 2017.
             Mangled by Megalobster's ghost (11 damage)
             ... on level 3 of the Dungeon.
             The game lasted 00:07:06 (1733 turns).

Megalobster the Chopper (Deep Dwarf Fighter)        Turns: 1733, Time: 00:07:08

Health: -6/49      AC:  8    Str: 21    XL:     5   Next: 74%
Magic:  0/5        EV:  9    Int:  8    God:
Gold:   113        SH:  9    Dex: 12    Spells: 4/4 levels left

rFire    . . .     SeeInvis .   a - +0 war axe
rCold    . . .     Gourm    .   c - +0 shield
rNeg     . . .     Faith    .   j - +0 scale mail
rPois    .         Spirit   +   i - +0 helmet
rElec    .         Reflect  .   v - scarf {Spirit}
rCorr    .         Harm     .   (no gloves)
MR       .....                  (no boots)
Stlth    ..........             (no amulet)
Regen    0.0/turn               u - +2 ring of evasion
MPRegen  0.1/turn               (no ring)

@: lethally poisoned (-6 -> -6), non-regenerating
A: damage resistance, heal wounds, sense surroundings 1, no regeneration
a: Heal Wounds


You were on level 3 of the Dungeon.
You were not hungry.

You visited 1 branch of the dungeon, and saw 3 of its levels.

You collected 113 gold pieces.

Inventory:

Hand Weapons
 a - a +0 war axe (weapon)
 b - a +1 hunting sling of velocity
 h - a +0 hunting sling
Missiles
 e - 155 stones (quivered)
Armour
 c - a +0 shield (worn)
 i - a +0 helmet (worn)
 j - a +0 scale mail (worn)
 o - a cursed +0 chain mail
 r - a +0 scale mail
 v - a scarf of spirit shield (worn)
Jewellery
 u - a +2 ring of evasion (left hand)
Scrolls
 k - a scroll of teleportation {unknown}
 l - 4 scrolls of identify {unknown}
 m - a scroll of enchant weapon {unknown}
 q - a scroll of immolation {unknown}
 s - a scroll of enchant armour {unknown}
 w - a scroll of remove curse {unknown}
Potions
 d - 2 potions of might
 p - 2 potions of cancellation {unknown}
 t - a potion of brilliance {unknown}
Comestibles
 f - a bread ration
 g - 5 chunks of flesh
 n - 2 meat rations


   Skills:
 + Level 3.6 Fighting
 * Level 4.6 Axes
 + Level 4.1 Armour
 + Level 4.3 Shields


You had 4 spell levels left.
You didn't know any spells.

Dungeon Overview and Level Annotations

Branches:
Dungeon (3/15)

Altars:

Annotations:
D:3 Megalobster's ghost, amateur DDFi


Innate Abilities, Weirdness & Mutations

You are resistant to damage.
You can heal yourself by infusing magical energy.
You passively map a small area around you.
You do not regenerate.


Message History

You barely miss Megalobster's ghost. You barely miss the adder.
Megalobster's ghost closely misses you. The adder barely misses you.
You hit Megalobster's ghost.
Megalobster's ghost is lightly damaged.
Your shield prevents you from hitting the adder.
The adder completely misses you. Megalobster's ghost hits you!
* * * LOW HITPOINT WARNING * * *
The adder barely misses you.
Megalobster's ghost hits you but does no damage.
You hit Megalobster's ghost but do no damage.
Megalobster's ghost is lightly damaged.
You barely miss the adder. You block the adder's attack.
Megalobster's ghost hits you. The adder barely misses you.
You barely miss Megalobster's ghost.
Megalobster's ghost is lightly damaged.
You barely miss the adder. You block the adder's attack.
Megalobster's ghost hits you.
* * * LOW HITPOINT WARNING * * *
The adder bites you but does no damage. Megalobster's ghost hits you!
You die...

#........#.............
########......>........
#.... #..........###..
#.... ###.#......# #
#....### #.W......###,
#......# #..#.......#.*
#.....%###..##........
#....S.W............#.
#....#@#######......#.
#.., #........).......
#* ####..#####.######
####..#..#####.#
#..............#
#.##...#.#######
#.##...#.# ######
#......#.#####....#
#####..#..........#


You could see Megalobster's ghost and an adder.

Vanquished Creatures
  Sigmund (D:2)
  An adder (D:2)
  An ooze (D:1)
  2 worms (D:2)
  A dart slug (D:1)
  2 leopard geckos
  5 goblins
  7 hobgoblins
  6 jackals
  8 kobolds
  A quokka (D:2)
  4 bats
  7 frilled lizards
  8 rats
54 creatures vanquished.

Notes
Turn   | Place    | Note
-------+----------+-------------------------------------------
     0 | D:1      | Megalobster the Deep Dwarf Fighter began the quest for the Orb.
     0 | D:1      | Reached XP level 1. HP: 20/20 MP: 1/1
    77 | D:1      | Reached XP level 2. HP: 24/27 MP: 2/2
   547 | D:2      | Reached XP level 3. HP: 26/34 MP: 3/3
   576 | D:2      | Noticed Sigmund
   592 | D:2      | Killed Sigmund
   592 | D:2      | Reached XP level 4. HP: 21/43 MP: 4/4
   592 | D:2      | Reached XP level 5. HP: 24/49 MP: 5/5
  1701 | D:3      | Noticed Megalobster's ghost (amateur DDFi)
  1733 | D:3      | Mangled by Megalobster's ghost

Skill      XL: |  1  2  3 |
---------------+----------+-----
Fighting       | 3 |  3.6
Axes           | 4 |  4.6
Armour         | 4 |  4.1
Shields        | 4 |  4.3

Action                   |  1- 3 |  4- 6 || total
-------------------------+-------+-------++-------
Melee: War axe           |    79 |    87 ||   166
 Fire: Hunting sling     |     4 |       ||     4
Throw: Stone             |       |     2 ||     2
  Use: Potion            |     1 |       ||     1
  Eat: Chunk             |       |     3 ||     3
Armor: Scale mail        |    44 |    46 ||    90
Dodge: Dodged            |    27 |    34 ||    61
Block: Shield            |    51 |    45 ||    96
